AoeStats
← miguelon01

Arena

508542396Analyzed
4v4 RM · 9d ago on Sep 22, 2026· 75m 49s· 8 players
Game mode
Random Map
Map size
Large (8 player)
Population
200
Speed
Normal
Resources
Standard
Victory
Conquest
Starting age
Dark Age
Ending age
Imperial Age
RankedLock teamsTeams togetherTeam positionsShared explorationLock speedFull tech treeHidden civsTurbo modeCheats
Victory
Defeat
🇺🇸 Magyars · United States
1114
+15
🇺🇸 Dravidians · United States
1094
+16
🇲🇽 Ethiopians · Mexico
1092
+16
🇺🇸 Byzantines · United States
1054
+17
🇧🇷 Burgundians · Brazil
1165
-19
🇮🇹 Vikings · Italy
1146
-18
🇺🇸 Byzantines · United States
1142
-18
🇻🇪 Italians · Venezuela
896
-9
WhiteFrost
10:20 Feudal Age
12:09 Loom
12:37 Double-Bit Axe
14:57 Castle Age
13:08 Horse Collar
16:59 Bow Saw
17:33 Wheelbarrow
22:30 Heavy Plow
24:05 Town Watch
24:27 Gold Mining
27:20 Imperial Age
25:17 Fletching
25:28 Padded Archer Armor
26:37 Hand Cart
26:33 Husbandry
27:05 Bodkin Arrow
27:06 Stone Mining
28:49 Leather Archer Armor
28:42 Thumb Ring
30:12 Conscription
29:55 Bracer
30:14 Elite Skirmisher
31:42 Ring Archer Armor
31:34 Ballistics
32:15 Chemistry
34:25 Forging
34:15 Scale Mail Armor
34:30 Masonry
33:53 Elite Elephant Archer
35:23 Squires
35:11 Arson
35:11 Gambesons
36:23 Hoardings
36:08 Elite Urumi Swordsman
38:08 Iron Casting
37:48 Chain Mail Armor
38:33 Medical Corps
41:46 Blast Furnace
41:16 Plate Mail Armor
41:08 Wootz Steel
41:44 Fortified Wall
42:41 Two-Man Saw
46:41 Murder Holes
50:06 Siege Elephant
50:53 Caravan
53:35 Pikeman
54:24 Halberdier
68:19 Coinage
67:59 Guilds
1. d4
9:54 Feudal Age
9:20 Loom
14:38 Castle Age
13:31 Double-Bit Axe
14:14 Horse Collar
17:41 Arson
20:15 Squires
20:06 Gambesons
22:49 Scale Mail Armor
26:11 Chain Mail Armor
29:35 Forging
32:02 Wheelbarrow
31:58 Fletching
34:32 Heavy Plow
34:44 Bow Saw
35:07 Bodkin Arrow
48:30 Hand Cart
49:27 Iron Casting
48:57 Scale Barding Armor
52:21 Gold Mining
52:21 Stone Mining
54:20 Chain Barding Armor
57:45 Imperial Age
55:28 Husbandry
54:52 Light Cavalry
56:55 Caravan
60:13 Conscription
59:36 Elite Cataphract
61:57 Plate Barding Armor
63:42 Hussar
68:12 Logistica
71:32 Two-Man Saw
71:15 Hoardings
70:50 Bracer
Agent Orange
10:43 Feudal Age
12:40 Loom
15:22 Castle Age
14:10 Double-Bit Axe
14:33 Horse Collar
15:28 Gold Mining
19:35 Scale Barding Armor
20:57 Bloodlines
22:13 Chain Barding Armor
23:33 Gold Shaft Mining
27:26 Husbandry
28:35 Wheelbarrow
29:07 Bow Saw
30:42 Hand Cart
31:22 Heavy Plow
33:44 Gold Shaft Mining
32:59 Stone Mining
33:59 Light Cavalry
40:43 Imperial Age
38:54 Thumb Ring
39:45 Fletching
39:55 Padded Archer Armor
40:28 Ballistics
40:17 Loom
40:17 Town Watch
40:49 Bodkin Arrow
40:54 Padded Archer Armor
41:00 Heavy Cavalry Archer
42:07 Bracer
48:13 Parthian Tactics
50:20 Chemistry
49:57 Stone Mining
58:54 Corvinian Army
58:18 Elite Magyar Huszar
60:56 Recurve Bow
62:05 Bracer
64:22 Plate Barding Armor
68:04 Leather Archer Armor
68:26 Hoardings
68:23 Caravan
69:23 Conscription
76:48 Ring Archer Armor
Cuauhpilli
10:41 Feudal Age
14:58 Castle Age
13:25 Double-Bit Axe
16:06 Bow Saw
16:58 Horse Collar
18:49 Loom
23:29 Masonry
28:01 Wheelbarrow
27:12 Town Watch
31:18 Gold Mining
34:48 Imperial Age
33:14 Scale Mail Armor
33:25 Forging
33:35 Hand Cart
34:16 Squires
34:02 Arson
34:34 Chain Mail Armor
36:03 Iron Casting
35:35 Torsion Engines
36:17 Heavy Plow
35:46 Halberdier
38:18 Onager
39:31 Plate Mail Armor
42:04 Conscription
43:22 Blast Furnace
44:33 Two-Man Saw
44:09 Siege Onager
46:00 Chemistry
45:06 Siege Engineers
45:32 Architecture
46:58 Town Patrol
59:26 Guilds
60:44 Capped Ram
61:38 Siege Ram
72:19 Elite Shotel Warrior
73:50 Caravan
fearthebeard007
8:42 Loom
11:43 Feudal Age
13:15 Double-Bit Axe
13:21 Double-Bit Axe
17:08 Castle Age
16:59 Horse Collar
17:15 Stone Mining
26:08 Wheelbarrow
29:30 Bow Saw
31:18 Heavy Plow
31:12 Fletching
31:24 Scale Mail Armor
32:10 Bodkin Arrow
32:16 Padded Archer Armor
31:42 Elite Skirmisher
33:15 Gold Mining
35:56 Imperial Age
33:31 Pikeman
34:11 Squires
37:31 Husbandry
36:51 Heavy Camel Rider
39:25 Hand Cart
40:00 Forging
42:25 Iron Casting
42:47 Leather Archer Armor
43:14 Caravan
44:33 Conscription
44:48 Bracer
45:21 Ring Archer Armor
44:18 Light Cavalry
45:32 Ballistics
46:34 Chain Mail Armor
46:09 Halberdier
48:37 Plate Mail Armor
49:10 Chemistry
49:14 Two-Man Saw
48:22 Scale Barding Armor
50:36 Man-at-Arms
51:01 Gambesons
51:06 Arson
51:55 Long Swordsman
52:38 Hussar
52:44 Two-Handed Swordsman
54:01 Champion
70:23 Crop Rotation
Tikka Masala
11:00 Feudal Age
15:05 Castle Age
13:01 Double-Bit Axe
12:58 Horse Collar
16:51 Bow Saw
28:01 Imperial Age
25:39 Squires
25:24 Arson
26:08 Forging
25:58 Scale Mail Armor
28:45 Iron Casting
28:10 Scale Mail Armor
28:31 Elite Varangian Guard
29:06 Loom
31:17 Blast Furnace
30:32 Chain Mail Armor
30:52 Capped Ram
33:01 Stone Mining
33:02 Gold Mining
34:20 Plate Mail Armor
35:00 Chemistry
37:42 Siege Ram
40:19 Elite Skirmisher
42:30 Conscription
42:41 Elite Berserk
43:49 Fletching
45:32 Hoardings
45:02 Crossbowman
45:55 Chieftains
45:37 Arbalester
46:39 Ballistics
46:58 Bodkin Arrow
47:00 Murder Holes
48:08 Bracer
49:04 Padded Archer Armor
52:51 Bogsveigar
59:33 Siege Engineers
59:11 Treadmill Crane
59:42 Masonry
miguelon01
6:00 Double-Bit Axe
9:58 Gold Mining
10:48 Wheelbarrow
12:32 Feudal Age
12:09 Horse Collar
18:30 Castle Age
17:16 Scale Mail Armor
18:05 Bow Saw
19:59 Arson
24:35 Squires
24:04 Pikeman
29:15 Loom
41:27 Forging
43:59 Imperial Age
45:11 Scale Barding Armor
46:33 Chain Barding Armor
46:49 Iron Casting
46:19 Padded Archer Armor
45:43 Cavalier
46:23 Husbandry
46:00 Light Cavalry
47:51 Paladin
48:53 Hussar
52:10 Blast Furnace
53:33 Gold Shaft Mining
58:51 Stone Mining
59:10 Heavy Plow
59:27 Fletching
59:42 Treadmill Crane
60:32 Padded Archer Armor
60:50 Guard Tower
61:43 Elite Skirmisher
69:41 Plate Barding Armor
70:01 Stone Shaft Mining
74:46 Ballistics
LRNI_OcantusErectus
11:14 Feudal Age
12:56 Horse Collar
15:32 Castle Age
15:54 Wheelbarrow
16:18 Heavy Plow
16:24 Double-Bit Axe
23:09 Fletching
26:51 Bodkin Arrow
29:21 Loom
29:52 Hand Cart
30:04 Ballistics
30:11 Padded Archer Armor
33:44 Masonry
33:15 Treadmill Crane
33:31 Murder Holes
34:19 Elite Skirmisher
37:03 Bloodlines
37:20 Forging
37:16 Scale Barding Armor
37:07 Gold Mining
39:24 Iron Casting
39:09 Chain Barding Armor
39:03 Husbandry
39:40 Fortified Wall
41:37 Light Cavalry
43:14 Light Cavalry
47:38 Imperial Age
46:46 Bow Saw
52:29 Squires
65:04 Pikeman
71:41 Blast Furnace
70:43 Scale Mail Armor
75:33 Two-Man Saw
Connection lost

Rejoining the realm…

Still unreachable

The connection could not be restored.

Session expired

The server has moved on; the page needs a fresh start.